 Dungeon Crawl Stone Soup version 0.18-b1-23-gf76aad1 (webtiles) character file.

653 CeaseofM the Shield-Bearer (level 7, -3/44 HPs)
             Began as a Gargoyle Fighter on May 4, 2016.
             Slain by an ogre
             ... wielding a +0 giant club
              (22 damage)
             ... on level 4 of the Dungeon.
             The game lasted 00:08:28 (2893 turns).

CeaseofM the Shield-Bearer (Gargoyle Fighter)       Turns: 2893, Time: 00:08:29

Health: -3/44      AC: 14    Str: 21    XL:     7   Next: 54%
Magic:  7/7        EV:  6    Int:  9    God:
Gold:   205        SH: 10    Dex:  9    Spells: 0 memorised, 6 levels left

rFire  . . .     SeeInvis .     a - +1 flail
rCold  . . .     Gourm    .     l - +0 chain mail
rNeg   + . .     Faith    .     c - +0 shield
rPois  ∞         Spirit   .     (no helmet)
rElec  +         Dismiss  .     (no cloak)
rCorr  .         Reflect  .     (no gloves)
SustAt .         Harm     .     (no boots)
MR     .....                    (no amulet)
Stlth  ..........               (no ring)
                                (no ring)

@: very slightly contaminated, hasted, very quick, not resistant to hostile
enchantments, extremely unstealthy
A: negative energy resistance 1, electricity resistance, unbreathing,
petrification resistance, rot immunity, AC +4
a: no special abilities


You were on level 4 of the Dungeon.
You were not hungry.

You visited 1 branch of the dungeon, and saw 4 of its levels.

You collected 205 gold pieces.

Inventory:

Hand Weapons
 a - a +1 flail (weapon)
 v - a +0 whip of freezing
Armour
 c - a +0 shield (worn)
 l - a +0 chain mail (worn)
Wands
 o - a wand of random effects (31/48)
Scrolls
 g - a scroll of teleportation
 h - 2 scrolls of enchant weapon
 m - a scroll of noise
Potions
 d - 3 potions of heal wounds {unknown}
 e - a potion of flight {unknown}
 f - 2 potions of haste
 j - a potion of degeneration {unknown}
 n - 2 potions of ambrosia
 w - a potion of curing {unknown}
Miscellaneous
 b - a plain deck of changes {the Blade}
Comestibles
 i - 3 fruits
 k - 3 meat rations
 q - 4 chunks of flesh
 r - 2 bread rations
 s - a slice of pizza
 u - a royal jelly


   Skills:
 * Level 4.5 Fighting
 * Level 4.5 Maces & Flails
 * Level 5.0 Armour
 * Level 6.4 Shields


You had 6 spell levels left.
You didn't know any spells.

Dungeon Overview and Level Annotations

Branches:
Dungeon (4/15)
 Temple: D:4-7

Altars:
Nemelex Xobeh
Zin


Innate Abilities, Weirdness & Mutations

You are resistant to torment.
Your stone body is resilient (AC +4).
You are immune to poison.
You resist negative energy.
You are resistant to electric shocks.
You can survive without breathing.
You are immune to petrification.
You are immune to rotting.


Message History

Your surroundings suddenly seem different.
Read which item? (? for menu, Esc to quit)
As you read the scroll labeled QUEXOD OZUITE, it crumbles to dust.
The scroll dissolves into smoke.
It was a scroll of fog.
Drink which item? (? for menu, Esc to quit)
It was a potion of haste.
You feel yourself speed up.
You are very lightly contaminated with residual magic.
The ogre shouts!
You block the ogre's attack.
You sock the ogre!
The ogre is moderately wounded.
You completely miss the ogre.
The ogre is moderately wounded.
The ogre hits you with a giant club!!
Ouch! That really hurt!
You hit the ogre but do no damage.
The ogre is moderately wounded.
The ogre hits you with a giant club!!
Ouch! That really hurt!
You die...

# ##### #.#...####
##.#.#....
##..O...# #....@.#
##...#.# ##.##.#
..#####.##.#######
#................##
######.########..#
#.# ##.# #.# #§#
##### #.# #§####


You could see an ogre.

Vanquished Creatures
  Eustachio (D:4)
  Duvessa (D:4)
  A centaur (D:3)
  Dowan (D:4)
  The ghost of espais the Firebug, a weakling DsFE of Vehumet (D:4)
  A hound (D:4)
  Terence (D:2)
  Natasha (D:2)
  3 gnolls (D:4)
  5 adders
  An ooze (D:3)
  A worm (D:2)
  A dart slug (D:3)
  2 giant geckos
  5 orcs (D:3)
  A ball python (D:2)
  4 giant cockroaches
  7 goblins
  10 hobgoblins
  15 jackals
  7 kobolds
  A quokka (D:3)
  7 bats
  6 giant newts
  9 rats
93 creatures vanquished.

Notes
Turn   | Place    | Note
--------------------------------------------------------------
     0 | D:1      | CeaseofM the Gargoyle Fighter began the quest for the Orb.
     0 | D:1      | Reached XP level 1. HP: 14/14 MP: 1/1
    94 | D:1      | Reached XP level 2. HP: 19/19 MP: 2/2
   460 | D:1      | Reached XP level 3. HP: 23/23 MP: 3/3
  1153 | D:2      | Noticed Terence
  1183 | D:2      | Killed Terence
  1183 | D:2      | Reached skill level 4 in Shields
  1183 | D:2      | Reached XP level 4. HP: 28/29 MP: 4/4
  1262 | D:2      | Found a sparkling altar of Nemelex Xobeh.
  1587 | D:2      | Found a glowing silver altar of Zin.
  1776 | D:2      | Noticed Natasha
  1785 | D:2      | Killed Natasha
  1785 | D:2      | Reached XP level 5. HP: 23/33 MP: 5/5
  2129 | D:3      | Noticed a centaur
  2148 | D:3      | Killed a centaur
  2148 | D:3      | Reached skill level 5 in Shields
  2148 | D:3      | Reached XP level 6. HP: 28/38 MP: 6/6
  2631 | D:4      | Noticed espais's ghost (weakling DsFE)
  2663 | D:4      | Killed espais's ghost
  2729 | D:4      | Noticed Duvessa
  2730 | D:4      | Noticed Dowan
  2743 | D:4      | Killed Duvessa
  2743 | D:4      | Reached XP level 7. HP: 34/44 MP: 7/7
  2758 | D:4      | Killed Dowan
  2758 | D:4      | Reached skill level 6 in Shields
  2827 | D:4      | Noticed Eustachio
  2841 | D:4      | Killed Eustachio
  2841 | D:4      | Reached skill level 5 in Armour
  2893 | D:4      | Slain by an ogre

Skill      XL: |  1  2  3  4  5  6  7 |
---------------+----------------------+-----
Armour         | 4 5 |  5.0
Shields        | 4 5 6 |  6.4
Maces & Flails | 3 4 |  4.5
Fighting       | 4 |  4.5

Action                   |  1- 3 |  4- 6 |  7- 9 || total
-------------------------+-------+-------+-------++-------
Melee: Flail             |   160 |   262 |    25 ||   447
  Use: Scroll            |     1 |     7 |     4 ||    12
       Potion            |     1 |     1 |     1 ||     3
  Eat: Fruit             |     1 |       |       ||     1
       Chunk             |       |     2 |       ||     2
       Bread ration      |       |     1 |       ||     1
Armor: Scale mail        |   108 |       |       ||   108
       Chain mail        |       |   210 |     9 ||   219
Dodge: Dodged            |    52 |    74 |     6 ||   132
Block: Shield            |   105 |   182 |     5 ||   292
